Map: Heavy Artillery LE

Players

TheLinko - Winner!

  • Race: Terran Terran
  • League: Silver
  • Spawn Location: 7:00

Ryuzaki - Winner!

  • Race: Zerg Zerg
  • League: Platinum
  • Spawn Location: 7:00

Massa

  • Race: Terran Terran
  • League: Gold
  • Spawn Location: 3:00

qqq

  • Race: Protoss Protoss
  • League: Platinum
  • Spawn Location: 1:00

VOD

Have the link to the VOD?

Description

Time

  • Played on: June 8, 2020, 11:57 a.m.
  • Length: 12:23
Show
View Real Time Build Order
Export as new Build Order

TheLinko Terran - Winner!

Build Orders:  

Get SALT Encoding   

  12  0:00  SCV  
  13  0:16  Supply Depot  
  13  0:18  SCV  
  14  0:30  SCV  
  15  0:41  Barracks  
  15  0:43  Refinery  
  15  0:45  SCV  
  16  0:57  SCV  
  17  1:09  SCV  
  18  1:21  SCV  
  19  1:27  Reaper  
  20  1:34  Orbital Command, Supply Depot  
  20  1:50  Refinery  
  20  1:59  Marine  
  20  2:01  SCV  
  22  2:12  Factory  
  22  2:18  Command Center  
  22  2:19  Barracks Reactor  
  22  2:37  SCV  
  23  3:00  SCV  
  23  3:01  Factory Tech Lab, Marine  
  23  3:02  Marine  
  26  3:08  Starport  
  26  3:12  SCV  
  27  3:22  Marine x2  
  27  3:24  SCV  
  30  3:29  Siege Tank, Supply Depot  
  30  3:30  Orbital Command  
  33  3:43  Marine x2  
  33  3:46  Starport Reactor  
  35  3:59  Supply Depot  
  35  4:03  Siege Tank  
  35  4:04  Marine x2  
  40  4:10  Refinery  
  40  4:13  SCV  
  41  4:17  SCV  
  41  4:23  Medivac  
  44  4:25  SCV  
  44  4:29  SCV  
  46  4:37  SCV  
  47  4:39  Engineering Bay  
  47  4:40  Refinery, Marine  
  47  4:41  SCV, Marine, Siege Tank  
  53  4:49  SCV  
  54  5:01  Liberator  
  54  5:03  Marine x2  
  59  5:11  Barracks  
  59  5:14  Factory  
  59  5:17  SCV x2  
  61  5:29  SCV  
  61  5:33  SCV  
  62  5:44  Supply Depot  
  62  5:45  Marine, Supply Depot  
  62  5:57  SCV  
  62  5:58  SCV  
  62  6:03  Marine  
  62  6:06  Siege Tank  
  56  6:25  Barracks Tech Lab  
  56  6:27  Factory Tech Lab  
  46  6:51  Marine x3  
  46  6:52  Siege Tank x2  
  54  6:56  Supply Depot  
  54  6:57  Supply Depot  
  48  7:07  Supply Depot  
  48  7:08  Marine  
  48  7:10  Supply Depot  
  47  7:18  Liberator x2  
  47  7:21  SCV x2  
  55  7:27  Marine x2  
  55  7:28  Marine  
  55  7:29  Siege Tank  
  64  7:30  Stimpack, Siege Tank  
  64  7:33  SCV x2  
  66  7:38  Armory  
  66  7:40  Armory  
  66  7:45  SCV x2  
  68  7:57  Refinery, SCV x2  
  70  8:14  Command Center  
  70  8:17  Marine x3  
  70  8:18  Siege Tank x2  
  79  8:37  Terran Vehicle Weapons Level 1  
  79  8:38  Terran Vehicle And Ship Armor Level 1  
  79  8:43  SCV  
  79  8:44  SCV  
  81  8:53  Marine x3  
  81  8:54  Siege Tank  
  87  8:55  SCV  
  87  8:56  SCV  
  89  9:08  SCV  
  90  9:11  Marine  
  91  9:18  Marine x2  
  91  9:19  Siege Tank  
  91  9:22  Medivac x2  
  100  9:25  SCV x2  
  100  9:26  SCV  
  103  9:33  Siege Tank  
  103  9:37  SCV  
  107  9:51  Siege Tank  
  110  9:58  Marine x3  
  113  10:00  Medivac  
  113  10:05  Siege Tank  
  118  10:14  Terran Infantry Weapons Level 1  
  118  10:18  Orbital Command  
  118  10:20  Marine x3  
  121  10:23  Siege Tank  
  124  10:37  Marine  
  125  10:45  Refinery  
  125  10:46  Refinery  
  125  10:51  Siege Tank  
  125  11:21  Supply Depot x3  
  125  11:42  SCV x3, Marine x3  
Show
View Real Time Build Order
Export as new Build Order

Ryuzaki Zerg - Winner!

Build Orders: Pool First, Lurkers 

Get SALT Encoding   

  12  0:01  Drone  
  13  0:12  Overlord  
  13  0:16  Drone  
  14  0:31  Drone  
  14  0:32  Drone  
  14  0:34  Drone  
  17  0:45  Spawning Pool  
  17  0:48  Drone  
  17  1:08  Hatchery  
  16  1:12  Extractor  
  16  1:13  Drone  
  16  1:18  Drone  
  17  1:20  Drone  
  18  1:28  Drone  
  19  1:34  Queen  
  21  1:41  Overlord  
  21  1:50  Zergling x2  
  22  2:02  Drone  
  23  2:10  Queen  
  23  2:14  Metabolic Boost  
  25  2:16  Zergling x2  
  26  2:24  Queen  
  26  2:25  Zergling x2  
  26  2:26  Drone  
  30  2:33  Overlord  
  30  2:37  Drone  
  30  2:42  Drone  
  30  2:43  Drone x2  
  34  2:44  Drone  
  35  2:53  Drone x2  
  35  2:55  Drone  
  38  3:03  Roach Warren  
  37  3:24  Drone x4  
  37  3:25  Drone  
  37  3:26  Overlord  
  42  3:29  Drone x2  
  44  3:38  Overlord  
  44  3:45  Drone x3  
  44  3:47  Drone  
  48  3:48  Drone  
  48  3:49  Hatchery  
  48  3:51  Drone  
  48  3:52  Drone  
  48  3:53  Drone  
  51  3:59  Lair  
  51  4:04  Extractor  
  51  4:06  Extractor  
  49  4:10  Evolution Chamber  
  49  4:12  Evolution Chamber  
  47  4:19  Drone x3  
  50  4:25  Roach x3  
  56  4:37  Overlord x2  
  56  4:55  Drone x5  
  56  4:56  Drone  
  56  4:58  Glial Reconstitution  
  62  5:04  Infestation Pit  
  62  5:06  Hydralisk Den  
  60  5:13  Zerg Missile Weapons Level 1  
  60  5:18  Zerg Ground Armor Level 1  
  60  5:26  Extractor  
  59  5:29  Extractor  
  59  5:30  Roach x2  
  59  5:31  Roach x2  
  66  5:38  Drone x3  
  66  5:39  Drone x5  
  74  5:47  Drone x3  
  74  5:49  Extractor, Drone x3  
  78  5:59  Roach  
  78  6:01  Overlord x3  
  80  6:13  Ravager  
  80  6:15  Overlord x3  
  81  6:19  Hydralisk x6  
  93  6:26  Roach x3  
  91  6:41  Hydralisk x3  
  97  6:50  Hydralisk  
  97  6:51  Hydralisk  
  80  7:10  Roach  
  80  7:11  Roach x9  
  100  7:17  Hydralisk  
  102  7:27  Roach  
  102  7:28  Roach x3  
  110  7:35  Grooved Spines  
  110  7:41  Drone x6  
  116  7:53  Zerg Missile Weapons Level 2  
  116  8:00  Zerg Ground Armor Level 2  
  116  8:02  Drone x5  
  121  8:18  Overlord x3  
  121  8:21  Overlord x2  
  121  8:22  Overlord x2  
  121  8:27  Ravager  
  122  8:28  Hatchery  
  121  8:42  Hive  
  121  8:45  Hydralisk  
  121  8:46  Hydralisk x9  
  141  9:05  Extractor  
  141  9:06  Extractor  
  141  9:08  Hydralisk  
  141  9:09  Hydralisk x7  
  145  9:11  Overlord x5  
  145  9:12  Overlord x2  
  155  9:18  Drone  
  156  9:28  Hydralisk  
  156  9:29  Hydralisk x5  
  168  9:43  Lurker Den  
  168  9:44  Zergling x2, Roach x4  
  168  9:45  Zergling x8  
  180  10:01  Drone x4  
  184  10:15  Ravager x6  
  184  10:16  Ravager  
  191  10:33  Overlord x4  
  156  11:14  Drone  
  157  11:22  Adaptive Talons  
  157  11:24  Hydralisk x6  
  157  11:25  Hydralisk x4  
  159  12:17  Lurker  
  159  12:18  Lurker x10  
Show
View Real Time Build Order
Export as new Build Order

Massa Terran 

Build Orders: 2 Factory 

Get SALT Encoding   

  12  0:11  Supply Depot  
  12  0:13  SCV  
  13  0:25  SCV  
  14  0:37  SCV  
  15  0:44  Barracks  
  15  0:49  SCV  
  16  0:52  Refinery  
  16  0:56  Refinery  
  16  1:01  SCV  
  17  1:13  SCV  
  18  1:25  SCV  
  19  1:37  SCV, Supply Depot  
  20  1:50  SCV  
  20  1:53  Factory  
  22  1:59  Barracks Tech Lab  
  21  2:08  Barracks  
  21  2:09  SCV  
  22  2:19  Marine  
  22  2:21  SCV  
  24  2:33  SCV  
  25  2:37  Marauder  
  25  2:38  Factory  
  25  2:39  Factory Tech Lab  
  27  2:58  Orbital Command  
  27  2:59  Marauder  
  27  3:03  Barracks Reactor  
  29  3:13  Supply Depot  
  29  3:31  Factory Tech Lab  
  29  3:34  Siege Tank  
  32  3:42  Command Center  
  32  3:52  Concussive Shells  
  32  4:01  Siege Tank  
  35  4:04  Marine x2  
  37  4:20  Engineering Bay  
  37  4:21  SCV  
  37  4:22  Marine  
  39  4:32  Supply Depot  
  39  4:42  Starport  
  39  4:46  Missile Turret  
  39  4:53  SCV, Terran Infantry Weapons Level 1  
  40  5:03  Marauder  
  40  5:05  SCV  
  43  5:07  Missile Turret  
  43  5:12  SCV  
  44  5:17  SCV  
  45  5:22  Siege Tank  
  45  5:24  SCV  
  49  5:29  SCV  
  49  5:30  Siege Tank  
  53  5:37  SCV  
  53  5:42  SCV  
  53  6:03  Marine x3  
  55  6:21  Marine x2  
  55  6:22  Barracks Tech Lab  
  57  6:27  Barracks  
  38  7:09  Marauder, Marine  
  38  7:10  Marine  
  38  7:15  Siege Tank x2  
  45  7:22  Supply Depot  
  45  7:27  Marine  
  45  7:28  Marine  
  47  7:30  Marauder  
  47  7:34  Medivac  
  51  7:44  Engineering Bay  
  51  7:45  Marine x2  
  51  7:46  Supply Depot  
  51  7:47  Terran Infantry Armor Level 1, Siege Tank x2  
  51  7:49  SCV  
  51  7:50  SCV  
  61  7:51  Marauder  
  61  7:54  Refinery  
  61  7:56  Refinery  
  63  7:58  Supply Depot  
  63  8:01  SCV  
  63  8:02  SCV  
  63  8:03  Marine x2  
  63  8:04  Medivac  
  69  8:13  Marauder  
  69  8:14  SCV x2  
  69  8:15  Barracks Reactor  
  73  8:21  Marine x2  
  73  8:22  Supply Depot  
  73  8:26  Stimpack  
  75  8:33  Orbital Command  
  77  8:34  Marauder  
  77  8:38  Marine  
  77  8:39  Marine  
  79  8:47  Supply Depot  
  79  8:51  SCV  
  82  8:56  Marauder, Marine  
  82  8:58  Command Center  
  83  9:03  SCV  
  83  9:09  Siege Tank  
  90  9:10  Supply Depot, Siege Tank  
  90  9:16  SCV  
  93  9:17  Marauder  
  93  9:20  Marine x3  
  93  9:21  Marine  
  94  9:28  SCV  
  94  9:29  Viking  
  86  9:38  Marauder  
  86  9:40  SCV  
  87  9:47  Cyclone x2  
  93  9:57  Missile Turret  
  93  9:59  Viking  
  97  10:00  Marauder  
  91  10:09  Command Center  
  91  10:18  Missile Turret  
  91  10:19  Cyclone  
  96  10:28  Marauder, Marine x3  
  96  10:29  Marine  
  97  10:46  Marine x3  
  71  10:50  Marauder  
  53  11:01  Siege Tank x2  
  59  11:07  Refinery  
  59  11:09  Orbital Command  
  59  11:10  Refinery, SCV  
  59  11:11  SCV, Marauder  
  63  11:22  SCV  
  63  11:23  SCV  
  65  11:26  Barracks  
  65  11:28  Barracks  
  63  11:33  Siege Tank  
  63  11:34  SCV  
  63  11:35  SCV  
  65  11:47  SCV x2  
  41  11:59  SCV  
Show
View Real Time Build Order
Export as new Build Order

qqq Protoss 

Build Orders:  

Get SALT Encoding   

  12  0:02  Probe  
  13  0:15  Pylon  
  13  0:19  Probe  
  14  0:37  Pylon  
  14  0:39  Gateway  
  14  0:46  Probe  
  15  0:57  Assimilator  
  15  0:58  Probe  
  16  1:10  Probe, Gateway  
  17  1:20  Pylon  
  17  1:31  Cybernetics Core  
  17  1:39  Probe  
  18  1:44  Assimilator  
  18  1:51  Probe  
  19  2:03  Probe  
  20  2:15  Nexus  
  22  2:23  Sentry  
  22  2:30  Zealot  
  22  2:35  Assimilator  
  24  2:40  Assimilator  
  24  2:47  Pylon  
  24  2:49  Zealot  
  26  3:03  Sentry  
  28  3:06  Forge  
  28  3:14  Probe  
  30  3:27  Probe (Chrono Boost)  
  30  3:31  Sentry  
  30  3:32  Probe (Chrono Boost)  
  33  3:35  Adept  
  33  3:37  Probe (Chrono Boost)  
  33  3:40  Probe (Chrono Boost)  
  37  3:42  Probe (Chrono Boost)  
  38  3:53  Probe  
  39  3:58  Sentry  
  41  4:05  Probe (Chrono Boost), Adept  
  45  4:14  Probe (Chrono Boost)  
  45  4:15  Probe (Chrono Boost)  
  46  4:20  Probe (Chrono Boost)  
  46  4:21  Probe  
  50  4:24  Sentry  
  50  4:32  Probe  
  50  4:33  Probe  
  50  4:35  Stalker  
  50  4:36  Photon Cannon  
  54  4:41  Pylon  
  54  4:48  Pylon  
  54  4:59  Probe  
  57  5:00  Sentry  
  57  5:05  Sentry  
  59  5:12  Probe  
  60  5:15  Pylon  
  60  5:18  Pylon  
  60  5:20  Gateway  
  60  5:21  Pylon  
  60  5:24  Probe, Pylon  
  60  5:26  Sentry  
  63  5:31  Sentry  
  65  5:36  Probe  
  66  5:52  Sentry  
  68  5:58  Sentry  
  70  6:14  Sentry  
  72  6:19  Sentry  
  72  6:24  Sentry  
  72  6:41  Sentry  
  72  6:45  Sentry  
  72  6:50  Stalker  
  70  7:07  Adept  
  68  7:11  Adept  
  70  7:21  Sentry  
  72  7:31  Gateway  
  72  7:32  Gateway  
  72  7:34  Gateway  
  72  7:37  Sentry  
  72  7:38  Photon Cannon, Nexus  
  72  7:41  Photon Cannon, Pylon  
  72  7:42  Sentry  
  76  7:44  Photon Cannon, Pylon  
  76  7:46  Photon Cannon  
  76  7:47  Pylon, Sentry  
  78  7:59  Photon Cannon  
  78  8:02  Photon Cannon  
  78  8:03  Sentry  
  78  8:05  Photon Cannon  
  80  8:08  Photon Cannon, Sentry  
  80  8:12  Photon Cannon  
  82  8:13  Sentry  
  82  8:14  Photon Cannon  
  84  8:23  Sentry x3  
  90  8:30  Protoss Ground Weapons Level 1, Sentry  
  92  8:34  Sentry  
  92  8:39  Adept  
  96  8:42  Photon Cannon  
  96  8:43  Probe  
  97  8:49  Adept  
  97  8:54  Probe  
  100  8:55  Probe  
  100  8:56  Sentry  
  103  9:06  Probe, Sentry x2  
  103  9:07  Probe, Sentry  
  111  9:20  Probe  
  111  9:22  Sentry x2  
  116  9:32  Probe  
  117  9:39  Stargate  
  117  9:44  Probe  
  118  9:46  Twilight Council  
  118  9:54  Pylon  
  118  9:56  Probe  
  119  10:01  Photon Cannon  
  119  10:14  Zealot x6  
  119  10:15  Zealot x10  
  119  10:16  Zealot x8  
  119  10:17  Zealot x4  
  51  10:57  Void Ray (Chrono Boost)  
  55  11:08  Templar Archives  
  55  11:09  Probe  
  56  11:15  Photon Cannon  
  56  11:18  Photon Cannon  
  56  11:19  Zealot x2  
  56  11:21  Probe  
  56  11:22  Photon Cannon  
  57  11:26  Photon Cannon  
  57  11:28  Photon Cannon  
  57  11:33  Probe, Stalker x3  
  57  11:37  Void Ray (Chrono Boost)  
  68  11:45  Probe  
  69  11:58  Probe  
Tags
 
Add a new tag
Caveats
  • Supply blocks, unpowered buildings, or Contaminate may cause inaccurate times.
  • Supply counts are checked every 10 seconds.